 Dungeon Crawl Stone Soup version 0.28-a0-1447-ga5a8893891 (webtiles) character file.

Game seed: 1479721392992637693

68 knot the Chopper (level 4, 35/35 HPs)
             Began as a Demonspawn Berserker on Jan 12, 2022.
             Was a Believer of Trog.
             Quit the game on level 2 of the Dungeon.
             The game lasted 00:01:56 (2018 turns).

knot the Chopper (Demonspawn Berserker)             Turns: 2018, Time: 00:01:56

Health: 35/35      AC:  4    Str: 18    XL:     4   Next: 1%
Magic:  4/4        EV: 11    Int: 10    God:    Trog [**....]
Gold:   124        SH:  0    Dex: 12    Spells: 3/3 levels left

rFire   . . .      SeeInvis .   l - +0 whip (venom)
rCold   . . .      Faith    .   (no shield)
rNeg    . . .      Spirit   .   n - +0 leather armour
rPois   .          Reflect  .   (helmet restricted)
rElec   .          Harm     .   (no cloak)
rCorr   .          Rampage  .   k - +0 pair of gloves
Will    .....                   (no boots)
Stlth   +.........              (no amulet)
HPRegen 0.11/turn               (no ring)
MPRegen 0.09/turn               (no ring)

@: no status effects
A: horns 1, demonic magic 1
a: Renounce Religion, Berserk, Trog's Hand


You were on level 2 of the Dungeon.
You worshipped Trog.
Trog was pleased with you.
You visited 1 branch of the dungeon, and saw 3 of its levels.

You collected 124 gold pieces.

Inventory:

Hand Weapons
 a - a +0 hand axe
 l - a +0 whip of venom (weapon)
Missiles
 h - 57 stones (quivered)
 o - 13 sling bullets
Armour
 k - a +0 pair of gloves (worn)
 n - a +0 leather armour (worn)
Scrolls
 c - a scroll of magic mapping {unknown}
 d - a scroll of identify {unknown}
 e - a scroll of fear {unknown}
 g - a scroll of torment {unknown}
 m - a scroll of blinking {unknown}
Potions
 b - a potion of ambrosia {unknown}
 f - a potion of curing {unknown}
 i - a potion of magic {unknown}
 j - a potion of brilliance {unknown}
 p - a potion of invisibility {unknown}


   Skills:
 - Level 3.0 Fighting
 + Level 4.4 Axes
 - Level 1.7 Armour
 - Level 1.7 Dodging


You had 3 spell levels left.
You didn't know any spells.
Your spell library was empty.

Dungeon Overview and Level Annotations

Branches:
Dungeon (3/15)

Altars:
Sif Muna


Innate Abilities, Weirdness & Mutations

You have a pair of small horns on your head.
Spells you cast may paralyse adjacent enemies.


Message History

The adder is heavily wounded.
The adder completely misses you. The adder barely misses you.
You closely miss the adder.
The adder is severely wounded.
The adder closely misses you.
You closely miss the adder. Your headbutt misses the adder.
The adder is severely wounded.
The adder closely misses you.
You barely miss the adder. Your headbutt misses the adder.
The adder is almost dead.
The adder barely misses you.
You hit the adder.
You kill the adder!
Trog accepts your kill.
h - 57 stones (gained 21)
You now have 113 gold pieces (gained 13).
You now have 117 gold pieces (gained 4).
Found a stone staircase leading up.
Found a stone staircase leading down.
Found an escape hatch in the ceiling.
There is an escape hatch in the ceiling here.
Found a stone staircase leading down.
You open the door.
There is an open door here.
You now have 124 gold pieces (gained 7).
A worm comes into view.
A worm is nearby!
The worm misses you.
You barely miss the worm. You headbutt the worm!
The worm is heavily wounded.
You hit the worm but do no damage.
The worm is poisoned.
The worm is heavily wounded.
The worm bites you but does no damage.
You hit the worm.
The worm looks as sick as possible!
You headbutt the worm.
You kill the worm!
Trog accepts your kill.
You have reached level 4!
You feel stronger.
Your demonic ancestry asserts itself...
A menacing aura infuses your magic.
Are you sure you want to abandon this character and quit the game? (Confirm with "yes".)

#....#.# #..#.#.# #.# .# #
##..#.#.########.# .#.###
....#.........##.##.#....
..............+....>...###
....#.........##....#.##.#
....#.#+#................#
.............##†..#......# #
......#......##.@.....#..#.#
......+......##.#........#.##
......##.....##.#.#..........
.............##.#.#......#######
...#............#.#.#..........#
..........#.#####.#...##..###.##
..................#.#.##..#
.............####.#.#.##..#
..............###.#.#.##..###


There were no monsters in sight!

Vanquished Creatures
  2 adders (D:2)
  2 worms (D:2)
  A dart slug (D:2)
  5 bats (D:1)
  3 endoplasms
  4 giant cockroaches
  4 goblins
  8 hobgoblins
  A kobold (D:2)
  2 quokkas
  A frilled lizard (D:2)
  5 rats
38 creatures vanquished.

Notes
Turn   | Place    | Note
-------+----------+-------------------------------------------
     0 | D:1      | knot the Demonspawn Berserker began the quest for the Orb.
     0 | D:1      | Reached XP level 1. HP: 18/18 MP: 1/1
   290 | D:1      | Reached skill level 3 in Axes
   300 | D:1      | Gained mutation: You have a pair of small horns on your
                  | head. [demonic ancestry]
   300 | D:1      | Reached XP level 2. HP: 14/24 MP: 2/2
  1073 | D:1      | Found a faded altar of an unknown god.
  1217 | D:2      | Reached XP level 3. HP: 20/29 MP: 3/3
  1461 | D:2      | Reached ** piety under Trog
  1469 | D:2      | Reached skill level 4 in Axes
  1627 | D:2      | Found a shimmering blue altar of Sif Muna.
  1630 | D:2      | You fall into a shaft and drop 1 floor!
  2018 | D:2      | Gained mutation: Spells you cast may paralyse adjacent
                  | enemies. [demonic ancestry]
  2018 | D:2      | Reached XP level 4. HP: 35/35 MP: 4/4
  2018 | D:2      | Quit the game

Illustrated notes

Levels and vault maps discovered:
D:1:      minmay_arrival_loop, layout_loops_ring,
          hellmonk_ecumenical_altar_inner_sanctum
D:2:      layout_basic, basic_altar, chequers_serial_rivers_room_a
D:3:      minmay_goblin_kobold_castle, layout_basic, serial_shops, shop

Skill      XL: |  1  2  3 |
---------------+----------+-----
Axes           | 3 4 |  4.4
Fighting       | |  3.0
Armour         | |  1.7
Dodging        | |  1.7

Action                   |  1- 3 |  4- 6 || total
-------------------------+-------+-------++-------
Melee: Hand axe          |    32 |       ||    32
       Whip              |    63 |       ||    63
       Headbutt          |    12 |       ||    12
       Punch             |     1 |       ||     1
Invok: Berserk           |     1 |       ||     1
 Stab: Sleeping          |     2 |       ||     2
Armor: Animal skin       |     2 |       ||     2
       Leather armour    |    17 |       ||    17
Dodge: Dodged            |    46 |       ||    46

Table legend: (Time is in decaauts)
 A = Elapsed time spent in this place.
 B = Non-inter-level travel time spent in this place.
 C = Inter-level travel time spent in this place.
 D = Time resting spent in this place.
 E = Time spent auto-exploring this place.
 F = Levels seen in this place.
 G = Mean time per level.
                   A        B        C        D        E       F      G
               +--------+--------+--------+--------+--------+-----+--------+
         Total |   2029 |   1959 |     70 |    496 |   1205 |   3 |  676.3 |
       Dungeon |   2029 |   1959 |     70 |    496 |   1205 |   3 |  676.3 |
               +--------+--------+--------+--------+--------+-----+--------+

Top non-repeatable levels by time:
     D:1: 1325 daAuts
     D:2: 677 daAuts
     D:3: 26 daAuts
